 Dungeon Crawl Stone Soup version 0.17.1-1-g73c8601 (webtiles) character file.

112 Implojin the Ruffian (level 4, -1/44 HPs)
             Began as a Troll Fighter on Apr 4, 2016.
             Slain by Sigmund
             ... wielding a +0 scythe
              (13 damage)
             ... on level 4 of the Dungeon.
             The game lasted 00:02:25 (420 turns).

Implojin the Ruffian (Troll Fighter)                 Turns: 420, Time: 00:02:25

Health: -1/44      AC:  5    Str: 24    XL:     4   Next: 63%
Magic:  3/3        EV:  8    Int:  4    God:
Gold:   37         SH:  8    Dex: 10    Spells: 0 memorised, 3 levels left

rFire  . . .     SeeInvis .       - Unarmed
rCold  . . .     Clarity  .     a - +0 robe
rNeg   . . .     SustAt   .     b - +0 shield
rPois  .         Gourm    +     (helmet restricted)
rElec  .         Spirit   .     (no cloak)
rCorr  .         Warding  .     (gloves unavailable)
rMut   .         Stasis   .     (boots unavailable)
MR     .....                    (no amulet)
Stlth  +.........               (no ring)
                                (no ring)

@: not resistant to hostile enchantments, very unstealthy
A: unfitting armour, claws 3, fast metabolism 3, gourmand, regeneration 2,
shaggy fur 1, tough skin 2
a: no special abilities


You were on level 4 of the Dungeon.
You were full.

You visited 1 branch of the dungeon, and saw 4 of its levels.

You collected 37 gold pieces.

Inventory:

Armour
 a - a +0 robe (worn)
 b - a +0 shield (worn)
Scrolls
 i - a scroll of magic mapping
Potions
 c - a potion of might
 e - a potion of cure mutation {unknown}
 g - a potion of curing {unknown}
 h - 2 potions of flight {unknown}
Comestibles
 d - 2 bread rations
 f - a meat ration


   Skills:
 - Level 2.4 Fighting
 - Level 2.4 Dodging
 - Level 2.4 Shields
 * Level 4.9 Unarmed Combat


You had 3 spell levels left.
You didn't know any spells.

Dungeon Overview and Level Annotations

Branches:
Dungeon (4/15)
 Temple: D:4-7

Altars:
Xom

Annotations:
D:4 Duvessa, Sigmund


Innate Abilities, Weirdness & Mutations

You are too large for most types of armour.
You have claws for hands.
Your metabolism is lightning-fast.
You like to eat raw meat.
You heal very quickly.
You are covered in fur (AC +1).
You have very tough skin (AC +2).


Message History

You kill the ball python!
Duvessa, Sister of Dowan comes into view.
She is wielding a short sword.
The ogre closely misses you.
A hound comes into view.
The hound barks!
You scratch the slave.
The slave is lightly wounded.
The slave hits you!
You closely miss the slave.
The slave is lightly wounded.
The slave hits you.
You scratch the slave but do no damage.
The slave is lightly wounded.
You block the slave's attack.
You scratch the hound.
The hound is heavily wounded.
The hound bites you. x2
The slave hits you.
* * * LOW HITPOINT WARNING * * *
Read which item? (? for menu, Esc to quit)
As you read the scroll labeled ASCHAKHLAARA, it crumbles to dust.
You feel aware of your surroundings.
You sensed 2 altars.
It was a scroll of magic mapping.
You block the hound's attack. The slave hits you.
* * * LOW HITPOINT WARNING * * *
You closely miss the hound.
The hound is heavily wounded.
You block the hound's attack. x2
The slave misses you.
Unknown command.
Your shield prevents you from hitting the hound.
The hound is heavily wounded.
You block the hound's attack. The slave hits you!
* * * LOW HITPOINT WARNING * * *
Read which item? (? for menu, Esc to quit)
Okay, then.
Drink which item? (? for menu, Esc to quit)
Okay, then.
The hound bites you but does no damage. Something hits you!
You die...

****,**** *,,* *,,,,,,,*
######### *,** *,*****,*
#.......# *,* *,* *,*
#.......# *,* *,* *,*
#$......# *,** *,* *,*
#.......# *,,* *,*****,*
#.......## **,* *,,,,,,,*
#....[..(# *,* *****,***
#@h{.....### *,* **,**
##.#.......###.# *,,,**
##p##..........##*
*,*,,**#eOp#.##........,,
*.e.....###.....#*##.###*
*.##.#.#####.##.##.....#*
*,**..#*........#.......*
***,*#..**.####...#.......*
*,,,....##.* ##......._...,


You could see an ogre, 2 slaves and a hound.

Vanquished Creatures
  An ogre (D:4)
  An iguana (D:4)
  2 ball pythons
  A bat (D:1)
  A hobgoblin (D:2)
  4 jackals (D:3)
  A giant newt (D:1)
  A goblin (D:2)
  A kobold (D:3)
13 creatures vanquished.

Notes
Turn   | Place    | Note
--------------------------------------------------------------
     0 | D:1      | Implojin the Troll Fighter began the quest for the Orb.
     0 | D:1      | Reached XP level 1. HP: 22/22 MP: 0/0
   212 | D:3      | Reached XP level 2. HP: 29/29 MP: 1/1
   261 | D:4      | Noticed an ogre
   296 | D:4      | Killed an ogre
   296 | D:4      | Reached skill level 4 in Unarmed Combat
   296 | D:4      | Reached XP level 3. HP: 36/36 MP: 2/2
   296 | D:4      | Reached XP level 4. HP: 44/44 MP: 3/3
   383 | D:4      | Noticed Sigmund
   398 | D:4      | Found a shimmering altar of Xom.
   399 | D:4      | Noticed a slave
   399 | D:4      | Noticed a slave
   399 | D:4      | Noticed an ogre
   410 | D:4      | Noticed Duvessa
   420 | D:4      | Slain by Sigmund

Action                   |  1- 3 |  4- 6 || total
-------------------------+-------+-------++-------
Melee: Unarmed           |    27 |     9 ||    36
  Use: Scroll            |       |     1 ||     1
  Eat: Chunk             |       |     6 ||     6

Table legend:
 A = Turns spent in this place as a percentage of turns spent in the entire game.
 B = Non-inter-level travel turns spent in this place as a percentage of non-inter-level travel turns spent in the entire game.
 C = Inter-level travel turns spent in this place as a percentage of turns spent in this place.
 D = Turns resting spent in this place as a percentage of non-inter-level travel turns spent in this place.
 E = Turns spent auto-exploring this place as a percentage of non-inter-level travel turns spent in this place.
 F = Non-inter-level travel turns spent in this place divided by the number of levels of this place that you've seen.
                   A       B       C       D       E      F
               +-------+-------+-------+-------+-------+----------------------
         Total | 100.0 | 100.0 |   0.0 |   0.0 |   0.0 |  97.0
       Dungeon | 100.0 | 100.0 |   0.0 |   0.0 |   0.0 |  97.0
               +-------+-------+-------+-------+-------+----------------------

Table legend:
 A = Kills in this place as a percentage of kills in entire the game.
 B = Kills by you in this place as a percentage of kills by you in the entire game.
 C = Kills by friends in this place as a percentage of kills by friends in the entire game.
 D = Other kills in this place as a percentage of other kills in the entire game.
 E = Experience gained in this place as a percentage of experience gained in the entire game.
 F = Experience gained in this place divided by the number of levels of this place that you have seen.
                   A       B       C       D       E      F
               +-------+-------+-------+-------+-------+----------------------
         Total | 100.0 | 100.0 |  -nan |  -nan | 100.0 |  40.0
       Dungeon | 100.0 | 100.0 |  -nan |  -nan | 100.0 |  40.0
               +-------+-------+-------+-------+-------+----------------------
